 Dungeon Crawl Stone Soup version 0.28-a0-1435-g82390b3a13 (webtiles) character file.

Game seed: 317466815713406046

143 knot the Chopper (level 5, 34/41 HPs)
             Began as a Demonspawn Berserker on Jan 10, 2022.
             Was a Believer of Trog.
             Quit the game in a sewer.
             The game lasted 00:02:45 (2425 turns).

knot the Chopper (Demonspawn Berserker)             Turns: 2425, Time: 00:02:45

Health: 34/41      AC:  5    Str: 18    XL:     5   Next: 4%
Magic:  5/5        EV: 11    Int: 10    God:    Trog [**....]
Gold:   61         SH:  0    Dex: 12    Spells: 4/4 levels left

rFire   . . .      SeeInvis .   a - +0 hand axe
rCold   . . .      Faith    .   (no shield)
rNeg    . . .      Spirit   .   h - +0 ring mail
rPois   .          Reflect  .   (no helmet)
rElec   .          Harm     .   (no cloak)
rCorr   .          Rampage  .   (no gloves)
Will    .....                   (no boots)
Stlth   +.........              (no amulet)
HPRegen 0.13/turn               (no ring)
MPRegen 0.09/turn               (no ring)

@: no status effects
A: foul stench 1, powered by death 1, sanguine armour 1
a: Renounce Religion, Berserk, Trog's Hand


You were in a sewer.
You worshipped Trog.
Trog was pleased with you.
You visited 1 branch of the dungeon, and saw 3 of its levels.
You also visited: Sewer.

You collected 61 gold pieces.

Inventory:

Hand Weapons
 a - a +0 hand axe (weapon)
 g - a +1 dagger of venom
Missiles
 b - 15 sling bullets
 f - 47 stones (quivered)
Armour
 h - a +0 ring mail (worn)
Scrolls
 d - 3 scrolls of teleportation {unknown}
 i - a scroll of enchant armour {unknown}
 k - a scroll of vulnerability {unknown}
Potions
 c - a potion of heal wounds {unknown}
 e - a potion of mutation {unknown}
 l - a potion of ambrosia {unknown}


   Skills:
 - Level 3.0 Fighting
 + Level 5.2 Axes
 - Level 1.7 Armour
 - Level 1.7 Dodging


You had 4 spell levels left.
You didn't know any spells.
Your spell library contained the following spells:

 Spells                   Type           Power      Damage    Failure   Level
 Summon Small Mammal      Summ           0%         N/A       54%         1
 Call Canine Familiar     Summ           0%         N/A       89%         3
 Summon Guardian Golem    Hex/Summ       0%         N/A       89%         3


Dungeon Overview and Level Annotations

Branches:
Dungeon (3/15)              Sewer (1/1)

Altars:


Innate Abilities, Weirdness & Mutations

You may rarely emit foul miasma when damaged in melee.
You regenerate a little health from kills.
When seriously injured, your blood forms armour. (AC +0)


Message History

You start waiting.
You recover from your berserk rage.
You see here a river rat corpse.
You see here a river rat corpse.
You see here a river rat corpse.
A frilled lizard and an adder come into view.
The frilled lizard hisses angrily.
The adder hisses angrily.
The adder bites you but does no damage.
There are monsters nearby!
You slash the adder!
The adder is severely wounded.
The adder misses you.
You barely miss the adder.
The adder is severely wounded.
The adder closely misses you.
You hit the adder.
The adder is severely wounded.
The adder bites you but does no damage. The adder barely misses you.
You hit the adder but do no damage.
The adder is severely wounded.
The adder bites you.
You miss the adder.
The adder is severely wounded.
The adder bites you.
You closely miss the adder.
The adder is severely wounded.
The adder bites you. The adder bites you but does no damage.
You hit the adder.
The adder is almost dead.
The adder barely misses you.
You closely miss the adder. Your punch misses the adder.
The adder is almost dead.
The adder bites you but does no damage.
You hit the adder.
You kill the adder!
Trog accepts your kill.
You have reached level 5!
Your demonic ancestry asserts itself...
You begin to emit a foul stench of rot and decay.
Are you sure you want to abandon this character and quit the game? (Confirm with "yes".)

######
....≈ ≈.≈
### #l##
#.####@#
##.##.##
##†#.###
#.#.#..#
####.###
#.###÷.#
#.÷.###
#.###.##
#######≈##


You could see a frilled lizard.

Vanquished Creatures
  4 adders
  3 river rats (Sewer)
  A worm (D:3)
  3 dart slugs
  An orc (D:3)
  7 ball pythons
  7 bats
  5 endoplasms
  2 giant cockroaches (D:2)
  3 goblins
  10 hobgoblins
  3 kobolds
  4 quokkas
  A frilled lizard (D:1)
  16 rats
70 creatures vanquished.

Notes
Turn   | Place    | Note
-------+----------+-------------------------------------------
     0 | D:1      | knot the Demonspawn Berserker began the quest for the Orb.
     0 | D:1      | Reached XP level 1. HP: 18/18 MP: 1/1
   101 | D:1      | Reached skill level 3 in Axes
   141 | D:1      | Gained mutation: You regenerate a little health from kills.
                  | [demonic ancestry]
   141 | D:1      | Reached XP level 2. HP: 20/24 MP: 2/2
   204 | D:1      | Found a faded altar of an unknown god.
   644 | D:1      | Reached XP level 3. HP: 29/29 MP: 3/3
  1059 | D:2      | Reached skill level 4 in Axes
  1155 | D:2      | Reached ** piety under Trog
  1327 | D:2      | Gained mutation: When seriously injured, your blood forms
                  | armour. (AC +0) [demonic ancestry]
  1327 | D:2      | Reached XP level 4. HP: 34/35 MP: 4/4
  2179 | D:3      | Found a glowing drain.
  2183 | Sewer    | Entered a sewer
  2209 | Sewer    | Reached skill level 5 in Axes
  2425 | Sewer    | Gained mutation: You may rarely emit foul miasma when
                  | damaged in melee. [demonic ancestry]
  2425 | Sewer    | Reached XP level 5. HP: 34/41 MP: 5/5
  2425 | Sewer    | Quit the game

Illustrated notes

Levels and vault maps discovered:
D:1:      tarquinn_simple_flora_water_e, layout_rooms, basic_ecumenical_altar,
          minmay_door_square, corexii_leaking_fountain, minivault_11,
          minmay_misc_feat_encased
D:2:      minmay_alternating_diamond, layout_basic
D:3:      corexii_shack_village, layout_basic, gup_sewer_entry_bowl,
          uniq_crazy_yiuf_cottage
Sewer:    sewer_co_cracked_pipes

Skill      XL: |  1  2  3  4 |
---------------+-------------+-----
Axes           | 3 4 5 |  5.2
Fighting       | |  3.0
Armour         | |  1.7
Dodging        | |  1.7

Action                   |  1- 3 |  4- 6 || total
-------------------------+-------+-------++-------
Melee: Hand axe          |   104 |    88 ||   192
       Punch             |     2 |       ||     2
Throw: Stone             |       |     1 ||     1
Invok: Berserk           |     1 |     3 ||     4
  Use: Scroll            |       |     1 ||     1
 Stab: Distracted        |     1 |       ||     1
Armor: Animal skin       |    10 |       ||    10
       Ring mail         |    14 |    39 ||    53
Dodge: Dodged            |    65 |    67 ||   132

Table legend: (Time is in decaauts)
 A = Elapsed time spent in this place.
 B = Non-inter-level travel time spent in this place.
 C = Inter-level travel time spent in this place.
 D = Time resting spent in this place.
 E = Time spent auto-exploring this place.
 F = Levels seen in this place.
 G = Mean time per level.
                   A        B        C        D        E       F      G
               +--------+--------+--------+--------+--------+-----+--------+
         Total |   2487 |   2435 |     52 |    425 |   1520 |   4 |  621.8 |
       Dungeon |   2224 |   2172 |     52 |    312 |   1417 |   3 |  741.3 |
         Sewer |    263 |    263 |      0 |    113 |    103 |   1 |  263.0 |
               +--------+--------+--------+--------+--------+-----+--------+

Top non-repeatable levels by time:
     D:2: 1037 daAuts
     D:1: 1001 daAuts
   Sewer: 263 daAuts
     D:3: 185 daAuts
